 Dungeon Crawl Stone Soup version 0.31-a0-1626-g5cb510d322 (webtiles) character file.

Game seed: 2134812851002353105

95 seren the Magician (level 4, -1/32 HPs)
             Began as a Djinni Ice Elementalist on Jan 12, 2024.
             Shot with an arrow by a centaur (6 damage)
             ... on level 4 of the Dungeon.
             The game lasted 00:09:42 (2615 turns).

seren the Magician (Djinni Ice Elementalist)        Turns: 2615, Time: 00:09:43

Health: -1/32      AC:  3    Str:  7    XL:     4   Next: 97%
Gold:   88         EV: 13    Int: 20    God:
                   SH:  0    Dex: 20

rFire   + + .        (no weapon)
rCold   x . .        (no shield)
rNeg    . . .        n - +1 robe of the Ward {Int+2 Dex+6 Archmagi}
rPois   ∞            (no helmet)
rElec   .            (no cloak)
rCorr   .            (no gloves)
SInv    .            (boots unavailable)
Will    .....        (no amulet)
Stlth   ++           (no ring)
HPRegen 0.25/turn    (no ring)
MPRegen 0.00/turn

%: archmagi, infuse magic (-2 HP)
@: flying
A: sickness immunity, fire resistance 2, cold vulnerability 1, float, innate
caster, HP casting, extra vitality 1
a: no special abilities


You were on level 4 of the Dungeon.
You visited 2 branches of the dungeon, and saw 5 of its levels.

You collected 202 gold pieces.
You spent 114 gold pieces at shops.

Inventory:

Missiles
 e - 3 boomerangs
 p - 8 javelins
 q - 14 stones
Armour
 a - a +0 robe
 n - the +1 robe of the Ward (worn) {Int+2 Dex+6 Archmagi}
   (You bought it in a shop on level 3 of the Dungeon)

   Int+2:     It affects your intelligence (+2).
   Dex+6:     It affects your dexterity (+6).
   Archmagi:  It increases the power of your magical spells.
Magical Staves
 d - a staff of conjuration
Talismans
 j - a flux talisman
 s - a blade talisman
Scrolls
 b - 2 scrolls of teleportation {unknown}
 c - 3 scrolls of fear {unknown}
 g - a scroll of enchant armour {unknown}
 h - 2 scrolls of revelation {unknown}
 i - a scroll of noise {unknown}
 l - 2 scrolls of identify {unknown}
 r - a scroll of brand weapon {unknown}
Potions
 f - a potion of invisibility {unknown}
 m - a potion of lignification {unknown}
 o - a potion of heal wounds {unknown}


   Skills:
 + Level 1.4 Fighting
 + Level 3.1 Dodging
 + Level 2.4 Stealth
 * Level 4.0 Spellcasting
 * Level 4.0 Conjurations
 * Level 4.0 Hexes
   Level 0.0 Charms
 * Level 4.0 Summonings
 * Level 4.0 Necromancy
 * Level 4.0 Translocations
   Level 0.0 Transmutations
 * Level 4.0 Fire Magic
 * Level 4.0 Ice Magic
 * Level 4.0 Air Magic
 * Level 4.0 Earth Magic
 * Level 4.0 Alchemy
 + Level 0.6 Evocations


You knew the following spells:

 Your Spells              Type           Power      Damage    Failure   Level
a - Freeze                Ice            100%       1d10      2%          1
b - Frozen Ramparts       Ice            60%        1d10      8%          3
c - Ozocubu's Armour      Ice            30%        N/A       8%          3
d - Summon Ice Beast      Ice/Summ       30%        N/A       8%          3
e - Kiss of Death         Conj/Necr      100%       2d13      2%          1
Your spell library was empty.

Dungeon Overview and Level Annotations

Branches:
Dungeon (4/15)             Temple (1/1) D:4

Altars:
Cheibriados
Dithmenos
Fedhas
Gozag
Hepliaklqana
Nemelex Xobeh
Okawaru
Qazlal
Ru
Yredelemnul

Shops:
D:3 [

Annotations:
D:3 Natasha, Terence


Innate Abilities, Weirdness & Mutations

You are immune to sickness and miasma.
You are immune to poison.
Your flesh is very heat resistant. (rF++)
You are vulnerable to cold. (rC-)
You float through the air rather than walking.
You learn spells naturally, not from books.
Your magical power is your life essence.
You have superior vitality. (+4 MHP)


Message History

Aim: a sleepcap (almost destroyed)
You feel a surge of power!
You freeze the sleepcap.
The sleepcap is almost destroyed.
* * * LOW HITPOINT WARNING * * *
The sleepcap releases spores at you.
* * * LOW HITPOINT WARNING * * *
Aiming: Freeze (safe; 2% risk of failure)
Press: ? - help, Q - select action, (/) - cycle Shift-Dir - straight line, f/p - sleepcap
Aim: a sleepcap (almost destroyed)
You feel a surge of power!
You freeze the sleepcap.
You destroy the sleepcap!
* * * LOW HITPOINT WARNING * * *
Your Spellcasting skill increases to level 4!
Your Conjurations skill increases to level 4!
Your Hexes skill increases to level 4!
Your Summonings skill increases to level 4!
Your Necromancy skill increases to level 4!
Your Translocations skill increases to level 4!
Your Fire Magic skill increases to level 4!
Your Ice Magic skill increases to level 4!
Your Air Magic skill increases to level 4!
Your Earth Magic skill increases to level 4!
Your Alchemy skill increases to level 4!
You start resting.
HP restored.
Found a stone staircase leading up.
Found a stone staircase leading up.
A centaur comes into view.
The centaur shouts!
The centaur wields a +0 orcbow.
The centaur shoots an arrow.
The arrow misses you.
The centaur shoots an arrow.
The arrow hits you!
The centaur shoots an arrow.
The arrow misses you.
The centaur shoots an arrow.
The arrow hits you!
* * * LOW HITPOINT WARNING * * *
The centaur shoots an arrow.
The arrow hits you!
* * * LOW HITPOINT WARNING * * *
There is a stone staircase leading up here.
The centaur shoots an arrow.
The arrow hits you.
You die...

.< #.
#.##..###########
#...............#
#.###.##c######.####.#
.###.##.........:..:#
........######.######
.###.....# #.# ####.@#
#.# #..# #.##########
#..# #..........# #..#
#.########.# #..# #.#
#.. ...# #.# ####..
.... #.# #..... .....
..# #.##⌠. ### #.##..


You could see a centaur.

Vanquished Creatures
  A sleepcap (D:4)
  An adder (D:3)
  A dart slug (D:4)
  5 bats
  6 endoplasms
  3 giant cockroaches
  8 goblins
  8 hobgoblins
  3 quokkas
  7 ball pythons
  5 frilled lizards
  5 kobolds
  2 rats
55 creatures vanquished.

Notes
Turn   | Place    | Note
-------+----------+-------------------------------------------
     0 | D:1      | seren the Djinni Ice Elementalist began the quest for the
                  | Orb.
     0 | D:1      | seren set off with the following spells memorised: Freeze,
                  | Frozen Ramparts, Ozocubu's Armour, Summon Ice Beast.
     0 | D:1      | Reached XP level 1. HP: 15/15 MP: 0/0
    94 | D:1      | Reached XP level 2. HP: 20/21 MP: 0/0
   467 | D:1      | Reached XP level 3. HP: 22/26 MP: 0/0
   467 | D:1      | Learned a level 1 spell: Kiss of Death
   584 | D:1      | Found a faded altar of an unknown god.
   642 | D:1      | You are sucked into a shaft and drop 1 floor!
  1836 | D:3      | Found Jaugax's Antique Armour Boutique.
  1850 | D:3      | Bought a faintly humming robe for 114 gold pieces
  1850 | D:3      | Identified the +1 robe of the Ward {Int+2 Dex+6 Archmagi}
                  | (You bought it in a shop on level 3 of the Dungeon)
  1859 | D:3      | Reached skill level 1 in Fighting
  1929 | D:3      | Reached XP level 4. HP: 31/32 MP: 0/0
  2063 | D:3      | Noticed Natasha
  2099 | D:3      | Noticed Terence
  2144 | D:3      | Found a blossoming altar of Fedhas.
  2456 | D:4      | Found a staircase to the Ecumenical Temple.
  2463 | Temple   | Entered the Ecumenical Temple
  2609 | D:4      | Noticed a centaur
  2615 | D:4      | Shot with an arrow by a centaur

Illustrated notes

Levels and vault maps discovered:
D:1:      dpeg_arrival_arbitrary_b, layout_basic,
          shapermc_ecumenical_altar_acropolis, serial_park_tiny_pond,
          minmay_close_crescents
D:2:      layout_basic, fountainhead, due_unseen_surprise
D:3:      layout_rooms, fedhas_altar_4, serial_shops, shop, uniq_terence,
          uniq_natasha
D:4:      layout_loops_ring, mainiacjoe_overflow_alcove_4, temple_fountains,
          hangedman_decor_push, uniq_menkaure
Temple:   chequers_temple_sunken

Skill      XL: |  1  2  3  4 |
---------------+-------------+-----
Stealth        | 2 |  2.4
Fighting       | 1 |  1.4
Dodging        | 3 |  3.1
Spellcasting   | 4 |  4.0
Conjurations   | 4 |  4.0
Hexes          | 4 |  4.0
Summonings     | 4 |  4.0
Necromancy     | 4 |  4.0
Translocations | 4 |  4.0
Fire Magic     | 4 |  4.0
Ice Magic      | 4 |  4.0
Air Magic      | 4 |  4.0
Earth Magic    | 4 |  4.0
Alchemy        | 4 |  4.0
Evocations     | |  0.6

Action                     |  1- 3 |  4- 6 || total
---------------------------+-------+-------++-------
   Cast: Freeze            |    54 |    22 ||    76
 Armour: Robe              |    20 |    14 ||    34
         Skin              |     3 |       ||     3
  Dodge: Dodged            |    38 |     9 ||    47

Table legend: (Time is in decaauts)
 A = Elapsed time spent in this place.
 B = Non-inter-level travel time spent in this place.
 C = Inter-level travel time spent in this place.
 D = Time resting spent in this place.
 E = Time spent auto-exploring this place.
 F = Levels seen in this place.
 G = Mean time per level.
                   A        B        C        D        E       F      G
               +--------+--------+--------+--------+--------+-----+--------+
         Total |   2615 |   2521 |     94 |    165 |   1725 |   5 |  523.0 |
       Dungeon |   2571 |   2498 |     73 |    165 |   1725 |   4 |  642.8 |
        Temple |     43 |     22 |     21 |      0 |      0 |   1 |   43.0 |
               +--------+--------+--------+--------+--------+-----+--------+

Top non-repeatable levels by time:
     D:2: 940 daAuts
     D:1: 870 daAuts
     D:3: 499 daAuts
     D:4: 262 daAuts
  Temple: 43 daAuts
